 Dungeon Crawl Stone Soup version 0.19-a0-835-gf140595 (webtiles) character file.

798 Ordine the Ruffian (level 7, 2/62 HPs)
             Began as a Purple Draconian Monk on July 1, 2016.
             Was a Priest of Cheibriados.
             Quit the game in an ossuary.
             The game lasted 00:09:59 (3531 turns).

Ordine the Ruffian (Purple Draconian Monk)          Turns: 3531, Time: 00:09:59

Health: 2/62       AC:  6    Str: 20    XL:     7   Next: 58%
Magic:  7/7        EV: 15    Int: 18    God:    Cheibriados [***...]
Gold:   144        SH:  0    Dex: 19    Spells: 0 memorised, 6 levels left

rFire  + . .     SeeInvis .       - Unarmed
rCold  . . .     Gourm    .     (armour unavailable)
rNeg   . . .     Faith    .     (no shield)
rPois  .         Spirit   .     (helmet restricted)
rElec  .         Dismiss  .     (no cloak)
rCorr  .         Reflect  .     (no gloves)
SustAt .         Harm     .     (no boots)
MR     +....                    (no amulet)
Stlth  ++........               (no ring)
                                i - ring of protection from fire

@: very slow, somewhat resistant to hostile enchantments, unstealthy
A: breathe power, unfitting armour, hooves 1, mutation resistance 1,
cold-blooded, AC +6
a: Breathe Dispelling Energy, Bend Time, Temporal Distortion, Renounce Religion


You were in an ossuary.
You worshipped Cheibriados.
Cheibriados was most pleased with you.
You were hungry.

You visited 1 branch of the dungeon, and saw 4 of its levels.
You also visited: Ossuary.

You collected 144 gold pieces.

Inventory:

Missiles
 c - 70 stones (quivered)
Jewellery
 i - a ring of protection from fire (left hand)
Potions
 d - a potion of flight
 h - a potion of magic
 j - 3 potions of brilliance
Comestibles
 a - 4 bread rations
 b - 2 chunks of flesh
 g - a slice of pizza
 k - a beef jerky


   Skills:
 + Level 5.8 Fighting
 + Level 4.4 Dodging
 - Level 1.7 Stealth
 * Level 6.9 Unarmed Combat


You had 6 spell levels left.
You didn't know any spells.

Dungeon Overview and Level Annotations

Branches:
Dungeon (4/15)
 Temple: D:4-7

Altars:
Cheibriados
Makhleb
Pakellas
Trog
Uskayaw
The Shining One


Innate Abilities, Weirdness & Mutations

You can breathe bolts of dispelling energy.
Your rich purple scales are hard. (AC +6)
Your body does not fit into most forms of armour.
You are cold-blooded and may be slowed by cold attacks.
You have large cloven feet.
You are somewhat resistant to further mutation.


Message History

* * * LOW HITPOINT WARNING * * *
The human zombie hits you.
* * * LOW HITPOINT WARNING * * *
The human zombie barely misses you.
Unknown command.
You punch the human zombie!
You kick the human zombie, but do no damage.
You tail-slap the human zombie.
The big kobold zombie barely misses you.
The big kobold zombie hits you.
* * * LOW HITPOINT WARNING * * *
Unknown command.
You punch the human zombie!
You kick the human zombie, but do no damage.
The human zombie hits you.
* * * LOW HITPOINT WARNING * * *
The human zombie hits you.
* * * LOW HITPOINT WARNING * * *
The big kobold zombie misses you.
Are you sure you want to abandon this character and quit the game? (Confirm with "yes".)

...............
................
...............#
...............##
.................
.................
.................
..........Z......
.Z.....∩∩@Z......
.........ZZ......
.................
.................
...............##
...............#
.................
.................


You could see 2 big kobold zombies and 2 human zombies.

Vanquished Creatures
  Grinder (D:3)
  Sigmund (D:3)
  An ogre (D:4)
  The ghost of dracos369 the Slasher, an amateur HEMo of Dithmenos (D:3)
  A scorpion (D:4)
  A human zombie (Ossuary)
  A worker ant (D:4)
  A big kobold zombie (Ossuary)
  7 adders
  2 dart slugs
  4 giant geckos
  6 orcs
  4 giant cockroaches
  7 goblins
  10 hobgoblins
  12 jackals
  9 kobolds
  2 ball pythons
  11 bats
  3 giant newts
  4 orc zombies (Ossuary)
  5 rats
  A rat zombie (Ossuary)
95 creatures vanquished.

Notes
Turn   | Place    | Note
--------------------------------------------------------------
     0 | D:1      | Ordine the Draconian Monk began the quest for the Orb.
     0 | D:1      | Reached XP level 1. HP: 19/19 MP: 1/1
   114 | D:1      | Reached XP level 2. HP: 25/26 MP: 2/2
   252 | D:1      | Reached XP level 3. HP: 20/33 MP: 3/3
   876 | D:1      | Reached skill level 4 in Unarmed Combat
  1267 | D:2      | Reached XP level 4. HP: 39/40 MP: 4/4
  1948 | D:3      | Noticed dracos369's ghost (amateur HEMo)
  1954 | D:3      | Gained mutation: You have large cloven feet. [potion of mutation]
  1954 | D:3      | Gained mutation: You are somewhat resistant to further mutation. [potion of mutation]
  1960 | D:3      | Killed dracos369's ghost
  1960 | D:3      | Reached XP level 5. HP: 21/47 MP: 5/5
  2200 | D:3      | Found a glowing golden altar of the Shining One.
  2200 | D:3      | Found an oddly glowing altar of Pakellas.
  2284 | D:3      | Found a hide-covered altar of Uskayaw.
  2353 | D:3      | Reached skill level 5 in Unarmed Combat
  2401 | D:3      | Found a bloodstained altar of Trog.
  2467 | D:3      | Noticed Sigmund
  2474 | D:3      | Killed Sigmund
  2474 | D:3      | Reached skill level 5 in Fighting
  2474 | D:3      | Reached XP level 6. HP: 26/56 MP: 6/6
  2804 | D:3      | Found a snail-covered altar of Cheibriados.
  2805 | D:3      | Found a burning altar of Makhleb.
  2810 | D:3      | Became a worshipper of Cheibriados the Contemplative
  2810 | D:3      | Reached * piety under Cheibriados
  2810 | D:3      | Reached ** piety under Cheibriados
  2813 | D:3      | Found a faded altar of an unknown god.
  2854 | D:3      | Found an oddly glowing altar of Pakellas.
  2932 | D:3      | Noticed Grinder
  2943 | D:3      | Paralysed by Grinder for 5 turns
  2962 | D:3      | Killed Grinder
  2962 | D:3      | Reached skill level 6 in Unarmed Combat
  2962 | D:3      | Your scales start taking on a rich purple colour.
  2962 | D:3      | Reached XP level 7. HP: 17/61 MP: 7/7
  3473 | D:4      | Found a sand-covered staircase.
  3478 | Ossuary  | Entered an ossuary
  3499 | Ossuary  | Reached *** piety under Cheibriados
  3530 | Ossuary  | HP: 3/62 [human zombie (4)]
  3531 | Ossuary  | Quit the game

Vault maps used:
D:1:      minmay_arrival_wavy_path
D:3:      bloody_trog, lemuel_doored_altar, grunt_temple_overflow_open,
          gammafunk_temple_overflow_elements, ecumenical_altar_2,
          grunt_pakellas_basics, uniq_sigmund, uniq_grinder
D:4:      enter_ossuary_2, first_bread, sigmund_army
Ossuary:  ossuary_minmay_tomb_2a

Skill      XL: |  1  2  3  4  5  6 |
---------------+-------------------+-----
Unarmed Combat | 4 5 6 |  6.9
Fighting       | 4 5 |  5.8
Dodging        | 3 4 |  4.4
Stealth        | |  1.7

Action                   |  1- 3 |  4- 6 |  7- 9 || total
-------------------------+-------+-------+-------++-------
Melee: Unarmed           |   160 |   101 |    97 ||   358
       Tailslap          |    19 |    13 |    21 ||    53
       Punch             |     4 |     4 |     2 ||    10
       Kick              |       |     9 |    50 ||    59
Throw: Stone             |     1 |     1 |     3 ||     5
  Use: Scroll            |     9 |     4 |       ||    13
       Potion            |     1 |     5 |     2 ||     8
 Stab: Sleeping          |     4 |     5 |     1 ||    10
  Eat: Chunk             |     1 |     5 |     1 ||     7
Armor: Skin              |    49 |    27 |    51 ||   127
Dodge: Dodged            |   111 |    61 |   167 ||   339
